Map: King's Cove LE

Players

scarlett

  • Race: Zerg Zerg
  • League: Master
  • Spawn Location: 11:00

Neeb - Winner!

  • Race: Protoss Protoss
  • League: Master
  • Spawn Location: 5:00

Event: 2019 WCS Winter Americas

VOD

Have the link to the VOD?

Description

Time

  • Played on: March 24, 2019, 2:10 p.m.
  • Length: 10:39

All games in this series

Show
View Real Time Build Order
Export as new Build Order

scarlett Zerg 

Build Orders: Hatch First 

Get SALT Encoding   

  12  0:00  Drone  
  13  0:12  Overlord  
  13  0:17  Drone  
  14  0:30  Drone x2  
  16  0:48  Hatchery  
  15  0:52  Drone  
  15  0:56  Drone  
  17  0:59  Drone  
  18  1:10  Extractor  
  17  1:14  Spawning Pool  
  16  1:18  Drone  
  16  1:21  Drone  
  18  1:29  Drone  
  19  1:38  Drone  
  20  1:50  Hatchery  
  20  1:52  Drone  
  20  2:00  Drone x2  
  22  2:08  Queen  
  24  2:18  Queen  
  26  2:26  Overlord  
  26  2:29  Metabolic Boost  
  26  2:32  Zergling x2  
  26  2:34  Zergling x2  
  28  2:44  Drone x3  
  28  2:45  Drone  
  32  2:52  Drone  
  32  2:56  Queen  
  35  3:01  Overlord  
  35  3:05  Zergling x4  
  37  3:08  Zergling x2  
  37  3:12  Overlord  
  38  3:17  Zergling x2  
  39  3:21  Drone  
  40  3:27  Drone x3  
  40  3:30  Drone  
  40  3:31  Queen  
  46  3:35  Drone  
  46  3:36  Drone  
  48  3:41  Overlord  
  48  3:42  Drone  
  49  3:50  Drone  
  49  3:51  Overlord x2  
  50  3:55  Spore Crawler  
  50  3:57  Spore Crawler  
  50  4:00  Drone x2  
  48  4:12  Drone x6  
  48  4:16  Spore Crawler  
  52  4:18  Drone  
  52  4:19  Drone x2  
  52  4:22  Spore Crawler  
  55  4:24  Drone x2  
  55  4:28  Queen  
  59  4:34  Roach Warren  
  59  4:36  Drone  
  59  4:37  Drone  
  60  4:42  Drone x4  
  61  4:49  Lair  
  61  4:50  Drone  
  62  4:55  Drone x4  
  62  4:58  Drone x2  
  68  5:01  Zergling x4  
  68  5:04  Drone x2  
  72  5:10  Overlord x2  
  71  5:15  Extractor x2  
  71  5:16  Zergling x2  
  71  5:17  Zergling x6  
  71  5:19  Extractor  
  71  5:20  Overlord x2  
  86  5:39  Queen  
  86  5:40  Queen  
  86  5:41  Spore Crawler  
  86  5:42  Spore Crawler, Drone x5  
  79  5:51  Queen  
  79  5:53  Glial Reconstitution  
  79  5:54  Drone x4  
  85  5:59  Overlord  
  85  6:00  Overlord x5  
  76  6:13  Roach x6  
  85  6:19  Roach  
  85  6:20  Roach x4  
  94  6:27  Roach  
  94  6:28  Roach x3  
  100  6:34  Roach x3  
  106  6:42  Roach  
  106  6:46  Roach  
  106  6:47  Roach  
  110  6:53  Roach x6  
  120  6:54  Queen  
  120  7:00  Roach x2  
  125  7:04  Overlord  
  125  7:06  Roach x2  
  129  7:11  Ravager  
  129  7:12  Ravager  
  129  7:13  Overlord  
  129  7:14  Zergling x6  
  134  7:20  Ravager  
  134  7:21  Overlord  
  134  7:22  Zergling x4  
  136  7:23  Queen  
  136  7:26  Ravager  
  136  7:28  Zergling x4  
  141  7:38  Queen, Zergling x12  
  137  8:00  Roach x3  
  137  8:01  Roach x3  
  139  8:09  Queen x2  
  118  8:15  Roach  
  118  8:16  Roach x4  
  101  8:31  Drone x3  
  102  8:35  Drone x2  
  102  8:38  Evolution Chamber, Extractor  
  102  8:39  Hydralisk Den  
  102  8:41  Drone x5  
  96  8:43  Drone  
  96  8:44  Drone x5  
  96  9:00  Drone x3  
  99  9:03  Extractor  
  99  9:09  Muscular Augments  
  98  9:10  Drone x4  
  98  9:13  Hydralisk x5  
  98  9:17  Hydralisk  
  112  9:18  Overseer  
  112  9:20  Hatchery  
  112  9:24  Drone x3  
  116  9:29  Baneling Nest  
  115  9:32  Hydralisk  
  115  9:33  Hydralisk x2  
  118  9:47  Hydralisk x6  
  118  9:50  Drone x2  
  132  10:00  Ravager x3  
  132  10:01  Zergling x14  
  132  10:06  Roach  
  144  10:12  Roach x3  
  144  10:13  Roach x2  
  154  10:19  Roach x3, Zergling x4  
Show
View Real Time Build Order
Export as new Build Order

Neeb Protoss - Winner!

Build Orders: 1 Gate Expand, Oracle Opening, Phoenix Opening, Mass Phoenix 

Get SALT Encoding   

  12  0:00  Probe  
  13  0:12  Probe  
  14  0:18  Pylon  
  14  0:24  Probe  
  15  0:32  Probe  
  15  0:38  Gateway  
  15  0:40  Probe  
  16  0:47  Assimilator  
  17  0:51  Probe  
  18  1:03  Probe  
  19  1:15  Probe  
  20  1:25  Nexus  
  20  1:34  Cybernetics Core  
  20  1:37  Probe  
  21  1:45  Assimilator  
  21  1:49  Probe  
  21  1:52  Pylon  
  22  1:59  Probe  
  22  2:00  Adept  
  22  2:07  Probe  
  26  2:16  Probe  
  26  2:20  Stargate  
  27  2:23  Adept  
  27  2:28  Probe  
  28  2:34  Warp Gate  
  30  2:37  Probe  
  30  2:40  Probe  
  32  2:49  Probe  
  32  2:50  Adept  
  33  2:52  Probe  
  36  3:01  Probe  
  36  3:03  Phoenix  
  36  3:05  Probe  
  40  3:13  Probe  
  40  3:14  Pylon  
  40  3:17  Probe  
  40  3:18  Oracle  
  42  3:25  Gateway  
  42  3:26  Probe  
  46  3:34  Assimilator  
  46  3:36  Assimilator  
  46  3:37  Probe  
  46  3:38  Probe  
  48  3:43  Pylon  
  48  3:49  Probe  
  48  3:51  Probe  
  48  3:55  Stargate  
  50  4:00  Phoenix  
  50  4:01  Probe  
  51  4:03  Probe  
  54  4:13  Probe  
  54  4:15  Probe  
  52  4:23  Adept  
  54  4:24  Phoenix  
  54  4:25  Probe  
  54  4:26  Gateway  
  58  4:32  Adept  
  58  4:38  Pylon  
  60  4:41  Phoenix  
  61  4:51  Phoenix  
  61  4:54  Probe  
  61  4:55  Pylon  
  61  4:56  Probe  
  65  5:01  Zealot  
  65  5:02  Adept  
  69  5:07  Phoenix  
  69  5:11  Phoenix  
  71  5:16  Pylon  
  73  5:27  Nexus  
  73  5:29  Nexus  
  73  5:30  Probe  
  73  5:34  Phoenix  
  77  5:39  Robotics Facility  
  77  5:41  Robotics Facility  
  77  5:42  Probe  
  77  5:44  Probe  
  78  5:54  Forge  
  78  5:55  Twilight Council  
  78  5:56  Probe x2  
  80  6:00  Sentry  
  82  6:11  Stalker x2  
  84  6:15  Shield Battery  
  84  6:17  Shield Battery  
  84  6:19  Probe  
  84  6:20  Probe  
  86  6:36  Charge, Immortal x2, Protoss Ground Weapons Level 1  
  86  6:40  Probe  
  96  6:51  Stalker x2  
  99  6:56  Stalker  
  101  7:01  Shield Battery  
  101  7:02  Shield Battery  
  101  7:06  Pylon  
  101  7:11  Shield Battery  
  101  7:17  Immortal  
  101  7:18  Immortal  
  101  7:20  Pylon  
  101  7:21  Pylon  
  109  7:37  Pylon  
  109  7:38  Sentry, Probe x3  
  109  7:39  Sentry  
  109  7:40  Stalker  
  116  7:52  Immortal x2  
  116  8:10  Zealot x3  
  87  8:22  Immortal  
  87  8:24  Immortal  
  81  8:31  Gateway  
  81  8:34  Gateway  
  89  8:36  Zealot, Gateway  
  89  8:39  Sentry  
  89  8:40  Zealot  
  95  8:42  Probe x2  
  95  8:45  Probe  
  98  8:55  Warp Prism  
  98  9:01  Sentry x2  
  98  9:02  Observer  
  103  9:04  Sentry  
  105  9:24  Sentry x2  
  105  9:25  Stalker  
  105  9:28  Stalker x2  
  115  9:39  Pylon  
  115  9:40  Pylon  
  115  9:42  Pylon  
  115  9:58  Stalker x6  
  127  10:24  Stalker x5  
  127  10:35  Stalker  
Tags
 
Add a new tag
Caveats
  • Supply blocks, unpowered buildings, or Contaminate may cause inaccurate times.
  • Supply counts are checked every 10 seconds.